 Dungeon Crawl Stone Soup version 0.32-a0-876-gcfddb08e57 (webtiles) character file.

Game seed: 13846113549264634651

2713 smashvw the Covered (level 9, 0/121 HPs)
             Began as a Mountain Dwarf Fighter on Mar 31, 2024.
             Was a Priest of Yredelemnul.
             Succumbed to a killer bee's poison
             ... on level 7 of the Dungeon.
             The game lasted 00:18:32 (5217 turns).

smashvw the Covered (Mountain Dwarf Fighter)        Turns: 5217, Time: 00:18:32

Health: 0/121      AC: 12    Str: 24    XL:     9   Next: 39%
Magic:  12/13      EV:  7    Int:  8    God:    Yredelemnul [***...]
Gold:   249        SH:  9    Dex:  9    Spells: 8/8 levels left

rFire   . . .        a - +0 trident
rCold   . . .        c - +0 buckler
rNeg    . . .        r - +0 chain mail
rPois   .            s - +0 helmet
rElec   .            (no cloak)
rCorr   .            (no gloves)
SInv    .            (no boots)
Will    .....        q - amulet of reflection Stlth
                     (no ring)
HPRegen 0.40/turn    (no ring)
MPRegen 0.13/turn

%: reflection
@: berserking, lethally poisoned (0 -> -7), wreathed by umbra, very quick
A: runic magic, artefact enchanting
a: Renounce Religion, Light the Black Torch, Recall Undead Harvest, Hurl
Torchlight


You were on level 7 of the Dungeon.
You worshipped Yredelemnul.
Yredelemnul was noncommittal.
You visited 1 branch of the dungeon, and saw 7 of its levels.

You collected 249 gold pieces.

Inventory:

Hand Weapons
 a - a +0 trident (weapon)
Armour
 c - a +0 buckler (worn)
 r - a +0 chain mail (worn)
 s - a +0 helmet (worn)
Jewellery
 q - an amulet of reflection (around neck)
 v - a ring of ice
Wands
 i - a wand of digging (6)
Scrolls
 d - a scroll of poison
 j - 2 scrolls of noise
 k - a scroll of fog
 m - 2 scrolls of blinking {unknown}
 t - 3 scrolls of amnesia {unknown}
 u - a scroll of brand weapon {unknown}
 w - 3 scrolls of immolation {unknown}
 y - a scroll of teleportation {unknown}
 z - a scroll of enchant weapon {unknown}
Potions
 b - a potion of invisibility
 e - a potion of enlightenment
 f - 4 potions of resistance {unknown}
 g - a potion of might
 h - a potion of cancellation {unknown}
 l - a potion of attraction {unknown}
 n - a potion of haste {unknown}
 o - 2 potions of lignification {unknown}
 p - 2 potions of berserk rage
 x - a potion of curing {unknown}


   Skills:
 + Level 7.8 Fighting
 + Level 6.8 Polearms
 + Level 7.9 Armour
 - Level 6.0 Shields
 + Level 5.4 Invocations


You had 8 spell levels left.
You didn't know any spells.
Your spell library contained the following spells:

 Spells                   Type           Power      Damage    Failure   Level
 Freeze                   Ice            0%         1d3       58%         1
 Magic Dart               Conj           0%         1d3       58%         1
 Slow                     Hex            0%         N/A       58%         1
 Sting                    Conj/Alch      0%         1d3       58%         1
 Summon Small Mammal      Summ           0%         N/A       58%         1
 Blink                    Tloc           0%         N/A       75%         2
 Call Imp                 Summ           0%         N/A       75%         2
 Cigotuvi's Dreadful Rot  Necr/Alch/Air  0%         N/A       75%         2
 Mercury Vapours          Alch/Air       0%         N/A       75%         2
 Call Canine Familiar     Summ           0%         N/A       92%         3
 Confusing Touch          Hex            0%         N/A       92%         3
 Frozen Ramparts          Ice            0%         1d1       92%         3
 Hailstorm                Conj/Ice       0%         3d5       92%         3
 Vampiric Draining        Necr           0%         2d6       92%         3
 Dispel Undead            Necr           0%         3d6       100%        4
 Martyr's Knell           Necr/Summ      0%         N/A       100%        4
 Olgreb's Toxic Radiance  Alch           0%         N/A       100%        4
 Summon Blazeheart Golem  Fire/Summ      0%         N/A       100%        4


Dungeon Overview and Level Annotations

Branches:
Dungeon (7/15)             Temple (0/1) D:4

Altars:
Hepliaklqana
Nemelex Xobeh
Sif Muna
Yredelemnul

Annotations:
D:2 1 runed translucent door, Crazy Yiuf
D:6 3 runed translucent doors, Rudyous's ghost, novice OpSh


Innate Abilities, Weirdness & Mutations

Your spellcasting is much less encumbered by armour.
You can use scrolls of enchantment on lesser artefacts.


Message History

You kill the water moccasin!
Their soul becomes fuel for the torch.
You feel sick. Something hits you but does no damage.
You block the killer bee's attack. The killer bee closely misses you.
Your orc priest zombie closely misses something.
Okay, then.
You feel sick. You block the killer bee's attack.
The killer bee attacks as it pursues you!
The killer bee stings you but does no damage. x2
The killer bee stings you.
* * * LOW HITPOINT WARNING * * *
You feel sick.
The killer bee attacks as it pursues you!
You block the killer bee's attack.
The killer bee attacks as it pursues you!
The killer bee stings you.
* * * LOW HITPOINT WARNING * * *
You are lethally poisoned!
The killer bee poisons you!
Your orc priest zombie hits something but does no damage.
The killer bee stings you but does no damage.
You block the killer bee's attack.
* * * LOW HITPOINT WARNING * * *
You feel very sick.
The killer bee attacks as it pursues you!
You block the killer bee's attack. x2; The killer bee stings you.
* * * LOW HITPOINT WARNING * * *
There is a stone staircase leading up here.
It was a potion of berserk rage.
A red film seems to cover your vision as you go berserk!
You feel yourself moving faster!
You feel mighty!
* * * LOW HITPOINT WARNING * * *
You feel sick. The killer bee stings you.
* * * LOW HITPOINT WARNING * * *
You block the killer bee's attack. x2
The killer bee stings you but does no damage.
You are too berserk!
You miss the killer bee.
You die...
Your body rises from the dead as a mindless zombie.

## #..
#.#######
####.#.....#..
# #...........
..# . #.....#
#...#.#..y@.#
#...).#)oy#.#
....).))Z...#
###..)).#####
#...))#
#.....#
#.....#
.....$.+
###.....#


You could see 2 killer bees, an orc and a friendly orc priest zombie.

Vanquished Creatures
  Menkaure (D:4)
  A water moccasin (D:7)
  A phantom (D:4)
  4 scorpions
  A bullfrog (D:6)
  A killer bee (D:7)
  A bombardier beetle (D:6)
  5 orc priests
  2 iguanas
  An orc wizard (D:7)
  5 adders
  A white imp (D:5)
  2 ribbon worms
  2 dart slugs
  20 orcs
  A bat (D:1)
  7 endoplasms
  2 giant cockroaches
  A goblin (D:1)
  2 hobgoblins
  A jackal (D:1)
  A kobold (D:1)
  4 ball pythons
  A frilled lizard (D:1)
  5 rats
73 creatures vanquished.

Vanquished Creatures (collateral kills)
  A water moccasin (D:5)
  Duvessa (D:4)
  A sky beast (D:5)
  2 black bears (D:6)
  4 ogres
  2 phantoms
  A bullfrog (D:6)
  2 scorpions
  3 wights (D:7)
  Dowan (D:4)
  3 hounds
  A gnoll bouda (D:5)
  2 orc priests
  A sleepcap (D:5)
  4 orc wizards
  4 adders
  A dart slug (D:5)
  6 orcs
  A giant cockroach (D:2)
  A jackal (D:5)
  A quokka (D:2)
  4 ball pythons
  An orc zombie (D:7)
  A rat (D:2)
49 creatures vanquished.

Vanquished Creatures (others)
  2 bullfrog zombies (D:6)
  A killer bee zombie (D:7)
  A hound zombie (D:6)
  A gnoll zombie (D:5)
  An adder zombie (D:5)
  A giant cockroach zombie (D:2)
  A kobold (D:4)
  9 orc zombies
17 creatures vanquished.

Grand Total: 139 creatures vanquished

Notes
Turn   | Place    | Note
-------+----------+-------------------------------------------
     0 | D:1      | smashvw the Mountain Dwarf Fighter began the quest for the
                  | Orb.
     0 | D:1      | Reached XP level 1. HP: 19/19 MP: 1/1
   142 | D:1      | Reached XP level 2. HP: 24/26 MP: 2/2
   862 | D:2      | Found a basalt altar of Yredelemnul.
   883 | D:2      | Became a worshipper of Yredelemnul the Fallen
   890 | D:2      | Reached XP level 3. HP: 30/33 MP: 3/3
  1305 | D:2      | Found a runed translucent door.
  1306 | D:2      | Noticed Crazy Yiuf
  1416 | D:2      | Reached XP level 4. HP: 40/40 MP: 4/4
  1938 | D:3      | Reached XP level 5. HP: 40/46 MP: 5/5
  2038 | D:3      | Reached * piety under Yredelemnul
  2382 | D:4      | Noticed Duvessa
  2397 | D:4      | Killed Duvessa
  2398 | D:4      | Reached XP level 6. HP: 26/55 MP: 6/6
  2407 | D:4      | Noticed Dowan
  2414 | D:4      | Killed Dowan
  2415 | D:4      | Reached skill level 5 in Armour
  2415 | D:4      | Reached skill level 5 in Shields
  2528 | D:4      | Noticed Menkaure
  2544 | D:4      | Killed Menkaure
  2545 | D:4      | Reached skill level 5 in Fighting
  2545 | D:4      | Reached XP level 7. HP: 7/61 MP: 7/7
  2934 | D:4      | Found a staircase to the Ecumenical Temple.
  2972 | D:4      | Found a shimmering blue altar of Sif Muna.
  3094 | D:4      | Found a hazy altar of Hepliaklqana.
  3243 | D:5      | Entered Level 5 of the Dungeon
  3290 | D:5      | Reached ** piety under Yredelemnul
  3317 | D:5      | Reached skill level 5 in Polearms
  3317 | D:5      | Reached XP level 8. HP: 64/70 MP: 8/8
  3477 | D:5      | Found a sparkling altar of Nemelex Xobeh.
  3820 | D:5      | Reached skill level 1 in Invocations
  4530 | D:6      | Found a runed translucent gate.
  4530 | D:6      | Found a runed translucent gate.
  4530 | D:6      | Found a runed translucent gate.
  4532 | D:6      | Noticed Rudyous's ghost (novice OpSh)
  4729 | D:6      | Reached XP level 9. HP: 79/79 MP: 12/12
  5203 | D:7      | Reached skill level 5 in Invocations
  5207 | D:7      | Reached *** piety under Yredelemnul
  5216 | D:7      | HP: 1/121 [killer bee (6)]
  5217 | D:7      | Succumbed to a killer bee's poison

Illustrated notes

Levels and vault maps discovered:
D:1:      dpeg_arrival_another_circle, layout_basic, serial_forest,
          infiniplex_forest_straight_2, infiniplex_forest_zigzag_1,
          infiniplex_forest_clump_large, infiniplex_forest_clump_cross,
          infiniplex_forest_clump_large, nrook_campfire, minmay_split_cup_large
D:2:      layout_rooms, basic_altar, hangedman_decor_points,
          minmay_pentomino_p4, uniq_crazy_yiuf_cottage
D:3:      layout_basic
D:4:      layout_cave_pools, mainiacjoe_overflow_small_starburst,
          mainiacjoe_overflow_catwalk, lemuel_temple_firewalk_b, sigmund_army,
          uniq_duvessa, uniq_menkaure
D:5:      layout_basic, mainiacjoe_overflow_alcove_2, serial_corexii_hall,
          chequers_hall_statues_corner_a, chequers_hall_statues_corner_a,
          corexii_hall_statues_i, chequers_hall_statues_corner_a,
          corexii_hall_statues_u, corexii_hall_statues_i,
          corexii_item_surrounded_by_moat, minmay_fractal_squares_diagonal_5
D:6:      layout_loops_cross, gammafunk_ghost_nasty_kobolds
D:7:      layout_basic, minmay_misc_feat_four_crosses, uniq_joseph

Skill      XL: |  1  2  3  4  5  6  7  8  9 |
---------------+----------------------------+-----
Armour         | 4 5 6 7 |  7.9
Fighting       | 4 5 6 7 |  7.8
Shields        | 4 5 6 |  6.0
Polearms       | 3 4 5 6 |  6.8
Invocations    | 4 5 |  5.4

Action                     |  1- 3 |  4- 6 |  7- 9 || total
---------------------------+-------+-------+-------++-------
  Melee: Trident           |    88 |   104 |   177 ||   369
 Invoke: Light the Black T |     1 |     2 |     3 ||     6
    Use: Scroll            |       |     1 |     4 ||     5
         Potion            |       |     1 |     1 ||     2
   Stab: Distracted        |     1 |       |     1 ||     2
 Armour: Scale mail        |    74 |     6 |       ||    80
         Chain mail        |       |    62 |    84 ||   146
  Dodge: Dodged            |    34 |    15 |    30 ||    79
  Block: Buckler           |    16 |    36 |    71 ||   123
         Reflection        |       |     1 |     5 ||     6

Table legend: (Time is in decaauts)
 A = Elapsed time spent in this place.
 B = Non-inter-level travel time spent in this place.
 C = Inter-level travel time spent in this place.
 D = Time resting spent in this place.
 E = Time spent auto-exploring this place.
 F = Levels seen in this place.
 G = Mean time per level.
                   A        B        C        D        E       F      G
               +--------+--------+--------+--------+--------+-----+--------+
         Total |   5262 |   5066 |    196 |     48 |   4154 |   7 |  751.7 |
       Dungeon |   5262 |   5066 |    196 |     48 |   4154 |   7 |  751.7 |
               +--------+--------+--------+--------+--------+-----+--------+

Top non-repeatable levels by time:
     D:5: 1161 daAuts
     D:4: 895 daAuts
     D:1: 873 daAuts
     D:3: 851 daAuts
     D:6: 784 daAuts
     D:2: 660 daAuts
     D:7: 34 daAuts
